 Dungeon Crawl Stone Soup version 0.29.0-4-gdea44cf6ec (webtiles) character file.

Game seed: 6017383075968995798

68 qw the Chopper (level 4, -1/26 HPs)
             Began as a Tengu Warper on Aug 28, 2022.
             Slain by an orc
             ... wielding a +0 war axe
              (6 damage)
             ... on level 3 of the Dungeon.
             The game lasted 00:00:10 (1723 turns).

qw the Chopper (Tengu Warper)                       Turns: 1723, Time: 00:00:11

Health: -1/26      AC: 10    Str: 13    XL:     4   Next: 19%
Magic:  8/8        EV:  4    Int: 13    God:
Gold:   105        SH:  0    Dex: 20    Spells: 7/7 levels left

rFire   + . .      SeeInvis .   b - +3 broad axe "Rubrapo" {speed, rF+}
rCold   . . .      Faith    .   (no shield)
rNeg    . . .      Spirit   .   g - +0 plate armour
rPois   .          Reflect  .   (helmet restricted)
rElec   .          Harm     .   (no cloak)
rCorr   .          Rampage  .   (no gloves)
Will    .....                   (boots unavailable)
Stlth   ..........              e - amulet of regeneration
HPRegen 0.88/turn               j - +6 ring of dexterity
MPRegen 0.11/turn               (no ring)

@: no status effects
A: beak, talons 3
a: no special abilities


You were on level 3 of the Dungeon.
You visited 1 branch of the dungeon, and saw 3 of its levels.

You collected 105 gold pieces.


Innate Abilities, Weirdness & Mutations

You have a beak for a mouth.
You have claws for feet.


   Skills:
 - Level 2.0 Fighting
 - Level 4.7 Axes
 - Level 1.0 Throwing
 + Level 1.2 Armour
 - Level 2.1 Dodging
 - Level 2.0 Spellcasting
 - Level 2.4 Translocations


You had 7 spell levels left.
You didn't know any spells.
Your spell library contained the following spells:

 Spells                   Type           Power      Damage    Failure   Level
 Blink                    Tloc           14%        N/A       100%        2
 Gell's Gravitas          Tloc           7%         N/A       100%        3
 Lesser Beckoning         Tloc           7%         N/A       100%        3
 Teleport Other           Tloc           7%         N/A       100%        3
 Manifold Assault         Tloc           7%         N/A       100%        5

Inventory:

Hand Weapons
 b - the +3 broad axe "Rubrapo" (weapon) {speed, rF+}
   (You acquired it on level 2 of the Dungeon)

   Attacks with this weapon are significantly faster.
   rF:        It protects you from fire.
 f - a +0 club
Armour
 g - a +0 plate armour (worn)
Jewellery
 e - an amulet of regeneration (around neck)
 j - a +6 ring of dexterity (left hand)
Scrolls
 c - a scroll of teleportation
Potions
 h - a potion of mutation {unknown}
 k - a potion of flight {unknown}
 l - a potion of curing {unknown}
 n - a potion of might {unknown}

Dungeon Overview and Level Annotations

Branches:
Dungeon (3/15)

Altars:

Annotations:
D:1 1 runed translucent door


Message History

Assign waypoint to what number? (0-9, D - delete waypoint) Waypoint 2 re-assigned from D:1 to D:3.
A ball python comes into view.
The ball python hisses angrily.
The centaur wields a +0 shortbow.
The centaur shoots an arrow.
The arrow hits you but does no damage.
A goblin comes into view. It is wielding a +0 dagger.
An orc comes into view. It is wielding a +0 war axe.
The centaur shoots an arrow.
The arrow hits you but does no damage.
The centaur shoots an arrow.
The arrow hits you!
The ball python bites you but does no damage.
The ball python completely misses you.
The centaur unwields a +0 shortbow.
The centaur hits you but does no damage.
The centaur kicks you but does no damage.
You closely miss the centaur. You claw the centaur.
The centaur is lightly wounded.
You hit the ball python but do no damage.
You hit the goblin.
You kill the goblin!
The centaur hits you but does no damage.
The centaur barely misses you. The ball python bites you.
The ball python grabs you. The ball python constricts you.
The centaur hits you.
The centaur kicks you but does no damage.
The ball python bites you. The ball python constricts you.
You slash the ball python!
You kill the ball python!
You hit the centaur.
The centaur hits you but does no damage.
The centaur kicks you but does no damage.
You hit the centaur. You claw the centaur, but do no damage.
The centaur is moderately wounded.
The centaur hits you. The centaur kicks you.
You hit the centaur. Your kick misses the centaur.
You peck the centaur, but do no damage.
The centaur is moderately wounded.
You hit the orc. The centaur hits you.
The centaur kicks you but does no damage.
The orc hits you with a +0 war axe.
You die...

#########
#.......# ##
#.......+
..#.......#
##.#...... ..
..#....
....##oc.##+###
#......@.^.....
>...###.#......
........# .....
.##.....# ....
.......<# ...
.###....# ..
#....# . ##...#
#.###


You could see a centaur and an orc.

Vanquished Creatures
  2 adders (D:2)
  3 dart slugs
  6 ball pythons
  8 endoplasms
  3 giant cockroaches (D:2)
  2 hobgoblins (D:1)
  A kobold (D:1)
  4 bats
  2 frilled lizards (D:1)
  5 goblins
  6 rats
42 creatures vanquished.

Notes
Turn   | Place    | Note
-------+----------+-------------------------------------------
     0 | D:1      | qw the Tengu Warper began the quest for the Orb.
     0 | D:1      | Reached XP level 1. HP: 12/12 MP: 4/4
     0 | D:1      | Noticed a jelly
     0 | D:1      | 0 ||| qw: Version: 0.1-a-89-g26bdef1
     0 | D:1      | 0 ||| qw: Game counter: 63
     0 | D:1      | 0 ||| qw: Always use a shield: true
     0 | D:1      | 0 ||| qw: God list: Okawaru
     0 | D:1      | 0 ||| qw: Allow faded altars: false
     0 | D:1      | 0 ||| qw: Do Orc after D:15 true
     0 | D:1      | 0 ||| qw: Do second Lair branch before Depths: true
     0 | D:1      | 0 ||| qw: Lair rune preference: random
     0 | D:1      | 0 ||| qw: Plans: Normal
     0 | D:1      | 0 ||| PLANNING D:1-11
     0 | D:1      | Noticed a jelly
     1 | D:1      | Found a runed translucent door.
     1 | D:1      | Noticed a jelly
    59 | D:1      | 59 ||| Stepping ~*~*~tactically~*~*~ (stealth).
   202 | D:1      | 202 ||| Stepping ~*~*~tactically~*~*~ (hiding).
   310 | D:1      | Reached skill level 3 in Axes
   310 | D:1      | Reached XP level 2. HP: 17/17 MP: 6/6
   519 | D:1      | Found a faded altar of an unknown god.
   616 | D:1      | 616 ||| Stepping ~*~*~tactically~*~*~ (stealth).
   623 | D:1      | Reached XP level 3. HP: 21/21 MP: 7/7
   885 | D:1      | 885 ||| DROPPING scarf of invisibility.
   886 | D:1      | 886 ||| UPGRADING to amulet of regeneration.
   891 | D:1      | 891 ||| UPGRADING to +6 ring of dexterity.
   892 | D:1      | 892 ||| READING scroll labelled PELYGY KEHOG.
   893 | D:1      | 893 ||| READING scroll labelled EVVEPUXACS.
   897 | D:1      | 897 ||| DROPPING scroll of blinking.
   922 | D:2      | Reached skill level 4 in Axes
  1280 | D:2      | 1280 ||| Stepping ~*~*~tactically~*~*~ (stealth).
  1281 | D:2      | 1281 ||| Stepping ~*~*~tactically~*~*~ (stealth).
  1282 | D:2      | 1282 ||| Stepping ~*~*~tactically~*~*~ (stealth).
  1288 | D:2      | 1288 ||| Stepping ~*~*~tactically~*~*~ (stealth).
  1292 | D:2      | 1292 ||| Stepping ~*~*~tactically~*~*~ (stealth).
  1294 | D:2      | 1294 ||| Stepping ~*~*~tactically~*~*~ (stealth).
  1566 | D:2      | Reached XP level 4. HP: 26/26 MP: 8/8
  1636 | D:2      | 1636 ||| UPGRADING to +0 scale mail.
  1646 | D:2      | 1646 ||| DROPPING +0 leather armour.
  1647 | D:2      | 1647 ||| UPGRADING to +0 plate armour.
  1657 | D:2      | 1657 ||| DROPPING +0 scale mail.
  1658 | D:2      | 1658 ||| READING scroll labelled PER DIMESHRU MIVEYMM.
  1658 | D:2      | Identified a scroll of acquirement
  1658 | D:2      | 1658 ||| ACQUIRING +3 broad axe "Rubrapo" {speed, rF+}
  1658 | D:2      | Acquired the +3 broad axe "Rubrapo" {speed, rF+}
  1660 | D:2      | 1660 ||| SWAPPING to +3 broad axe "Rubrapo" {speed, rF+}.
  1661 | D:2      | 1661 ||| DROPPING +0 hand axe.
  1662 | D:2      | 1662 ||| READING scroll labelled IMO MAFYFE.
  1663 | D:2      | 1663 ||| READING scroll labelled GARAL NAURODOMYE.
  1664 | D:2      | 1664 ||| DRINKING 2 bubbling blue potions.
  1692 | D:2      | 1692 ||| DRINKING 2 bubbling cyan potions.
  1693 | D:2      | 1693 ||| DROPPING potion of lignification.
  1694 | D:2      | 1694 ||| DROPPING potion of attraction.
  1715 | D:3      | Noticed a centaur
  1723 | D:3      | HP: 5/26 [centaur (3)]
  1723 | D:3      | Slain by an orc

Levels and vault maps discovered:
D:1:      dpeg_arrival_caged_fury, layout_loops_ring,
          hellmonk_ecumenical_altar_pennies_from_heaven
D:2:      layout_loops_ring
D:3:      layout_basic, uniq_ijyb, uniq_terence

Skill      XL: |  1  2  3 |
---------------+----------+-----
Axes           | 3 4 |  4.7
Fighting       | |  2.0
Throwing       | |  1.0
Armour         | |  1.2
Dodging        | |  2.1
Spellcasting   | |  2.0
Translocations | |  2.4

Action                   |  1- 3 |  4- 6 || total
-------------------------+-------+-------++-------
Melee: Hand axe          |    79 |       ||    79
       Kick              |    23 |     2 ||    25
       Peck              |    14 |     1 ||    15
       Broad axe         |       |     4 ||     4
Throw: Boomerang         |     7 |       ||     7
  Use: Scroll            |     2 |     3 ||     5
       Potion            |       |     2 ||     2
Armor: Leather armour    |    14 |       ||    14
       Plate armour      |       |    10 ||    10
Dodge: Dodged            |    38 |     2 ||    40

Table legend:
 A = Non-vault XP
 B = Vault XP
 C = Vault XP percentage of total XP
 D = Non-vault monster count
 E = Vault monster count
 F = Vault count percentage of total count
                 A         B        C        D         E       F
            +---------+---------+-------+---------+---------+-------
      Total |      98 |       0 |   0.0 |      42 |       0 |   0.0
            +---------+---------+-------+---------+---------+-------
        D:1 |      43 |       0 |   0.0 |      25 |       0 |   0.0
        D:2 |      51 |       0 |   0.0 |      15 |       0 |   0.0
        D:3 |       4 |       0 |   0.0 |       2 |       0 |   0.0
            +---------+---------+-------+---------+---------+-------
